 Dungeon Crawl Stone Soup version 0.29.1-15-g9cfb28693d (webtiles) character file.

Game seed: 4974975495964266631

56 Gustavia the Trooper (level 3, -7/40 HPs)
             Began as an Ogre Berserker on Mar 23, 2023.
             Was a Believer of Trog.
             Mangled by a worm (8 damage)
             ... on level 2 of the Dungeon.
             The game lasted 00:04:34 (2038 turns).

Gustavia the Trooper (Ogre Berserker)               Turns: 2038, Time: 00:04:35

Health: -7/40      AC:  3    Str: 21 (23) XL:     3   Next: 95%
Magic:  3/3        EV: 10    Int:  5 (8)  God:    Trog [**....]
Gold:   105        SH:  0    Dex:  6 (8)  Spells: 2/2 levels left

rFire   . . .      SeeInvis .   a - +1 mace
rCold   . . .      Faith    .   (no shield)
rNeg    . . .      Spirit   .   b - +0 animal skin
rPois   .          Reflect  .   (helmet restricted)
rElec   .          Harm     .   (no cloak)
rCorr   .          Rampage  .   (gloves unavailable)
Will    .....                   (boots unavailable)
Stlth   +.........              (no amulet)
HPRegen 0.13/turn               (no ring)
MPRegen 0.08/turn               (no ring)

@: no status effects
A: large, unfitting armour, tough skin 1
a: Renounce Religion, Berserk, Trog's Hand


You were on level 2 of the Dungeon.
You worshipped Trog.
Trog was pleased with you.
You visited 1 branch of the dungeon, and saw 2 of its levels.

You collected 105 gold pieces.

Inventory:

Hand Weapons
 a - a +1 mace (weapon)
Armour
 b - a +0 animal skin (worn)


   Skills:
 + Level 4.6 Fighting
 + Level 3.5 Maces & Flails
 + Level 3.2 Dodging
 + Level 0.1 Stealth


You had 2 spell levels left.
You didn't know any spells.
Your spell library was empty.

Dungeon Overview and Level Annotations

Branches:
Dungeon (2/15)

Altars:


Innate Abilities, Weirdness & Mutations

You are too large for most types of armour.
You have tough skin. (AC +1)


Message History

You miss the adder.
The adder is almost dead.
The quokka bites you. The adder bites you. The worm barely misses you.
The quokka completely misses you.
You closely miss the adder.
The adder is severely wounded.
The adder barely misses you. The quokka bites you.
The adder closely misses you. The worm barely misses you.
You aren't carrying any potions.
You barely miss the adder.
The adder is severely wounded.
The quokka bites you. The adder bites you. The quokka misses you.
The worm barely misses you. The adder barely misses you.
You barely miss the adder.
The adder is severely wounded.
The quokka closely misses you. The adder barely misses you.
You sock the adder!
You kill the adder!
Trog accepts your kill. The quokka bites you. The worm bites you!
* * * LOW HITPOINT WARNING * * *
The quokka closely misses you.
You barely miss the quokka. The quokka bites you.
* * * LOW HITPOINT WARNING * * *
The worm bites you.
* * * LOW HITPOINT WARNING * * *
You hit the quokka.
You kill the quokka!
Trog accepts your kill.
You can now call upon Trog for regeneration and willpower.
The worm bites you but does no damage.
You hit the worm.
The worm is lightly wounded.
You thump the worm!
The worm is heavily wounded.
The worm bites you but does no damage.
You hit the worm but do no damage.
The worm is heavily wounded.
The worm bites you!
You die...

#.####...........#
#.#..(...........'
#.#.#.##...<.....# ##
#.#...##.........# ..
#.#...<#.........#
####.##....# #.........#
...........+...........#
.#...##....#####+##+####
.......@†......
####....w.####.
..........# #.>.......:.
#.####.?..### . ...#.#
...... ........


You could see a worm.

Vanquished Creatures
  2 adders (D:2)
  2 dart slugs (D:1)
  6 endoplasms (D:1)
  A giant cockroach (D:1)
  A goblin (D:1)
  A hobgoblin (D:1)
  4 kobolds (D:1)
  2 quokkas
  4 ball pythons (D:1)
  6 bats (D:1)
  A frilled lizard (D:1)
  6 rats (D:1)
36 creatures vanquished.

Notes
Turn   | Place    | Note
-------+----------+-------------------------------------------
     0 | D:1      | Gustavia the Ogre Berserker began the quest for the Orb.
     0 | D:1      | Reached XP level 1. HP: 24/24 MP: 1/1
   334 | D:1      | Reached XP level 2. HP: 32/32 MP: 2/2
  1032 | D:1      | Found a faded altar of an unknown god.
  1066 | D:1      | Reached XP level 3. HP: 40/40 MP: 3/3
  1197 | D:1      | Reached ** piety under Trog
  2034 | D:2      | HP: 1/40 [worm (2)]
  2038 | D:2      | Mangled by a worm

Illustrated notes

Levels and vault maps discovered:
D:1:      psy_arrival_spokes, layout_basic, dreamdust_ecumenical_altar_statues,
          minmay_cupped
D:2:      layout_basic, basic_altar

Skill      XL: |  1  2 |
---------------+-------+-----
Maces & Flails | 3 |  3.5
Dodging        | 3 |  3.2
Fighting       | |  4.6
Stealth        | |  0.1

Action                   || total
-------------------------++-------
Melee: Mace              ||   114
  Use: Scroll            ||     3
       Potion            ||     4
Armor: Animal skin       ||    64
Dodge: Dodged            ||   110
